 Dungeon Crawl Stone Soup version 0.26-a0-639-g72c4674329 (webtiles) character file.

Game seed: 1617893841971471660

13 Lanoc the Caller (level 2, 0/20 HPs)
             Began as a Hill Orc Summoner on Sept 29, 2020.
             Slain by a goblin
             ... wielding a +0 dagger
              (5 damage)
             ... on level 2 of the Dungeon.
             The game lasted 00:00:44 (566 turns).

Lanoc the Caller (Hill Orc Summoner)                 Turns: 566, Time: 00:00:44

Health: 0/20       AC:  2    Str: 10    XL:     2   Next: 37%
Magic:  2/4        EV: 12    Int: 15    God:
Gold:   18         SH:  0    Dex: 11    Spells: 1/4 levels left

rFire    . . .     SeeInvis .   (no weapon)
rCold    . . .     Faith    .   (no shield)
rNeg     . . .     Spirit   .   a - +0 robe
rPois    .         Reflect  .   (no helmet)
rElec    .         Harm     .   (no cloak)
rCorr    .         Rampage  .   (no gloves)
MR       .....                  (no boots)
Stlth    ++........             (no amulet)
HPRegen  0.06/turn              (no ring)
MPRegen  0.09/turn              (no ring)

@: no status effects
A: no striking features
a: no special abilities


You were on level 2 of the Dungeon.
You visited 1 branch of the dungeon, and saw 2 of its levels.

You collected 18 gold pieces.

Inventory:

Armour
 a - a +0 robe (worn)
Scrolls
 b - a scroll of blinking {unknown}


   Skills:
 + Level 1.9 Dodging
 - Level 1.5 Stealth
 - Level 1.5 Spellcasting
 * Level 4.4 Summonings


You had one spell level left.
You knew the following spells:

 Your Spells              Type           Power        Failure   Level
a - Summon Small Mammal   Summ           ##..         3%          1
b - Call Imp              Summ           ##......     6%          2

Your spell library contained the following spells:

 Spells                   Type           Power        Failure   Level
 Call Canine Familiar     Summ           ##......     12%         3
 Summon Guardian Golem    Hex/Summ       #.......     28%         3
 Summon Ice Beast         Ice/Summ       #.......     67%         4
 Summon Lightning Spire   Summ/Air       #.......     67%         4


Dungeon Overview and Level Annotations

Branches:
Dungeon (2/15)

Altars:


Message History

Your white imp disappears in a puff of smoke!
The bat misses you.
You hit the bat.
The bat is heavily wounded.
The bat barely misses you. The bat closely misses you.
Your crimson imp hits the bat.
The bat dies!
You see here a bat corpse.
You swap places.
You see here a giant cockroach corpse.
You start resting.
An adder comes into view.
You swap places.
You see here a bat corpse.
Your crimson imp blinks!
A goblin comes into view. It is wielding a +0 dagger.
Found 17 gold pieces.
There is a stone staircase leading up here.
The goblin hits you with a +0 dagger.
You die...

)>....)..............
#...................
####...#.............#
........†.†......$....
...##...†###.........$
....#..5.5.......$##
#.....†###...)...#
###<#.!# #...S...#
#.#..# #...g@..#
#....S###.......#
###...##.....##..#
#...#..###.# ..#
.#....# #.# .# . ....
#.. .. ...# ### .


You could see an adder, a goblin and a friendly crimson imp (summoned).

Vanquished Creatures
  3 rats
3 creatures vanquished.

Vanquished Creatures (collateral kills)
  A worm (D:2)
  A dart slug (D:1)
  A leopard gecko (D:2)
  A bat (D:2)
  A giant cockroach (D:2)
  A goblin (D:1)
  A hobgoblin (D:1)
  A kobold (D:1)
  A frilled lizard (D:1)
9 creatures vanquished.

Vanquished Creatures (others)
  A plant (D:2)
1 creature vanquished.

Grand Total: 13 creatures vanquished

Notes
Turn   | Place    | Note
-------+----------+-------------------------------------------
     0 | D:1      | Lanoc the Hill Orc Summoner began the quest for the Orb.
     0 | D:1      | Reached XP level 1. HP: 14/14 MP: 3/3
   505 | D:1      | Reached XP level 2. HP: 11/20 MP: 1/4
   509 | D:1      | Learned a level 2 spell: Call Imp
   566 | D:2      | Slain by a goblin

Illustrated notes

Levels and vault maps discovered:
D:1:      dpeg_arrival_orchard, layout_basic, minmay_misc_feat_rows
D:2:      layout_rooms, serial_bayou_pond_c, uniq_crazy_yiuf_cottage

Action                   || total
-------------------------++-------
Melee: Unarmed           ||    21
 Cast: Summon Small Mamm ||     9
       Call Imp          ||     2
Dodge: Dodged            ||    17

Table legend: (Time is in decaauts)
 A = Elapsed time spent in this place.
 B = Non-inter-level travel time spent in this place.
 C = Inter-level travel time spent in this place.
 D = Time resting spent in this place.
 E = Time spent auto-exploring this place.
 F = Levels seen in this place.
 G = Mean time per level.
                   A        B        C        D        E       F      G
               +--------+--------+--------+--------+--------+-----+--------+
         Total |    565 |    539 |     26 |      0 |    461 |   2 |  282.5 |
       Dungeon |    565 |    539 |     26 |      0 |    461 |   2 |  282.5 |
               +--------+--------+--------+--------+--------+-----+--------+

Top non-repeatable levels by time:
     D:1: 536 daAuts
     D:2: 29 daAuts
